 Dungeon Crawl Stone Soup version 0.23.2-40-g277498a001 (webtiles) character file.

Game seed: 5323386351910053603

2256 Marnok the Cudgeler (level 9, -1/85 HPs)
             Began as a Troll Monk on Oct 11, 2019.
             Slain by an ice beast (5 damage)
             ... on level 7 of the Dungeon.
             The game lasted 00:14:25 (4511 turns).

Marnok the Cudgeler (Troll Monk)                    Turns: 4511, Time: 00:14:27

Health: -1/85      AC:  8    Str: 24    XL:     9   Next: 15%
Magic:  8/8        EV: 12    Int:  6    God:
Gold:   193        SH:  0    Dex: 12    Spells: 8/8 levels left

rFire    . . .     SeeInvis .   q - +1 giant spiked club
rCold    . . .     Gourm    +   (shield currently unavailable)
rNeg     + . .     Faith    .   a - +2 robe
rPois    .         Spirit   .   (helmet restricted)
rElec    .         Reflect  .   (no cloak)
rCorr    .         Harm     .   (gloves unavailable)
MR       .....                  (boots unavailable)
Stlth    ++........             i - amulet of regeneration
HPRegen  1.04/turn              j - ring of flight
MPRegen  0.11/turn              m - ring of positive energy

@: no status effects
A: large, unfitting armour, claws 3, fast metabolism 3, gourmand, regeneration
1, shaggy fur 1, tough skin 3
a: Evoke Flight


You were on level 7 of the Dungeon.
You were completely stuffed.

You visited 1 branch of the dungeon, and saw 7 of its levels.

You collected 193 gold pieces.

Inventory:

Hand Weapons
 q - a +1 giant spiked club (weapon)
Armour
 a - a +2 robe (worn)
Jewellery
 i - an amulet of regeneration (around neck)
 j - a ring of flight (left claw)
 k - an uncursed ring of stealth {unknown}
 m - a ring of positive energy (right claw)
Wands
 v - a wand of acid (8)
Scrolls
 c - 4 scrolls of remove curse
 f - a scroll of amnesia
 g - 3 scrolls of teleportation
 h - 3 scrolls of immolation
 l - a scroll of random uselessness {unknown}
Potions
 e - 2 potions of lignification
Comestibles
 b - 14 rations
 d - 14 chunks of flesh


   Skills:
 + Level 4.5 Fighting
 + Level 6.9 Maces & Flails
 + Level 5.2 Dodging
 + Level 2.4 Stealth
 + Level 5.7 Unarmed Combat


You had 8 spell levels left.
You didn't know any spells.
Your spell library was empty.

Dungeon Overview and Level Annotations

Branches:
Dungeon (7/15)             Temple (0/1) D:6

Altars:
Fedhas
Sif Muna
Trog

Shops:
D:4 (

Annotations:
D:7 Harold, Pikel


Innate Abilities, Weirdness & Mutations

You are too large for most types of armour.
You have claws for hands.
Your metabolism is lightning-fast.
You like to eat raw meat.
Your natural rate of healing is unusually fast.
You are covered in fur. (AC +1)
You have extremely tough skin. (AC +3)


Message History

Pikel freezes you.
Okay, then.
You closely miss Pikel. Pikel closely misses you. The slave hits you.
The slave closely misses you.
The ice beast hits you but does no damage.
The slave hits you. The slave barely misses you. Pikel closely misses you.
You barely miss Pikel. The slave hits you.
The ice beast hits you but does no damage.
Pikel hits you with a +0 whip of freezing.
Pikel freezes you. The slave barely misses you.
The slave completely misses you. The slave closely misses you.
Harold hits you from afar with a cursed +0 trident!
* * * LOW HITPOINT WARNING * * *
Pikel hits you with a +0 whip of freezing!
* * * LOW HITPOINT WARNING * * *
Pikel freezes you.
* * * LOW HITPOINT WARNING * * *
The slave hits you but does no damage. The slave closely misses you.
The ice beast hits you.
You die...

. #.#..# #.
#.#.. #.. #...#
#..# #...#
....###...#
#..:#..#
##..p...#
#...K@p.#
#...Ypp.......
#.....@.######.
#........#
.........#
..........
......###.
.....# ..


You could see Harold, Pikel, an ice beast and 4 slaves.

Vanquished Creatures
  Grinder (D:6)
  2 orc warriors
  2 phantoms
  4 ogres
  A centaur (D:6)
  Blork the orc (D:4)
  5 bullfrogs (D:6)
  3 howler monkeys
  A crimson imp (D:6)
  2 hounds
  4 orc priests (D:5)
  3 orc wizards
  Natasha (thrice) (D:3)
  4 worker ants
  3 iguanas (D:5)
  8 gnolls
  3 adders
  2 shadow imps
  2 oozes
  6 dart slugs
  3 leopard geckos
  22 orcs
  5 giant cockroaches
  6 hobgoblins
  10 jackals
  7 kobolds
  A quokka (D:3)
  3 ball pythons
  A ball python zombie (D:5)
  6 bats
  A frilled lizard (D:1)
  6 goblins
  A leopard gecko skeleton (D:5)
  A leopard gecko zombie (D:6)
  2 rats (D:1)
135 creatures vanquished.

Notes
Turn   | Place    | Note
-------+----------+-------------------------------------------
     0 | D:1      | Marnok the Troll Monk began the quest for the Orb.
     0 | D:1      | Reached XP level 1. HP: 22/22 MP: 0/0
   170 | D:1      | Reached XP level 2. HP: 29/29 MP: 1/1
  1001 | D:2      | Reached XP level 3. HP: 29/36 MP: 2/2
  1101 | D:2      | Found a bloodstained altar of Trog.
  1339 | D:4      | Found Xudu Fuiqoha's Antique Weapon Boutique.
  1784 | D:3      | Reached XP level 4. HP: 44/44 MP: 3/3
  1990 | D:3      | Noticed Natasha
  2004 | D:3      | Killed Natasha
  2091 | D:3      | Noticed Natasha
  2096 | D:3      | Killed Natasha
  2096 | D:3      | Reached XP level 5. HP: 39/52 MP: 4/4
  2233 | D:3      | Found a blossoming altar of Fedhas.
  2267 | D:3      | Noticed Natasha
  2273 | D:3      | Killed Natasha
  2601 | D:4      | Noticed an ogre
  2605 | D:4      | Killed an ogre
  2605 | D:4      | Reached skill level 5 in Unarmed Combat
  2605 | D:4      | Reached XP level 6. HP: 45/61 MP: 5/5
  2619 | D:5      | Entered Level 5 of the Dungeon
  2717 | D:4      | Noticed Blork the orc
  2723 | D:4      | Killed Blork the orc
  2996 | D:5      | Noticed an orc warrior
  3125 | D:4      | Reached skill level 1 in Maces & Flails
  3125 | D:4      | Reached XP level 7. HP: 56/67 MP: 6/6
  3350 | D:5      | Reached skill level 2 in Maces & Flails
  3441 | D:5      | Reached skill level 3 in Maces & Flails
  3716 | D:5      | Reached XP level 8. HP: 29/78 MP: 7/7
  3771 | D:6      | Found a staircase to the Ecumenical Temple.
  3771 | D:6      | Noticed Grinder
  3778 | D:5      | Reached skill level 4 in Maces & Flails
  3980 | D:5      | Found a deep blue altar of Sif Muna.
  4204 | D:6      | Reached skill level 5 in Maces & Flails
  4276 | D:6      | Reached skill level 6 in Maces & Flails
  4382 | D:6      | Paralysed by Grinder for 4 turns
  4403 | D:6      | Killed Grinder
  4403 | D:6      | Reached skill level 5 in Dodging
  4403 | D:6      | Reached XP level 9. HP: 69/84 MP: 8/8
  4505 | D:7      | Noticed Pikel
  4507 | D:7      | Noticed Harold
  4511 | D:7      | HP: 4/85 [Pikel/+0 whip of freezing (3)]
  4511 | D:7      | Slain by an ice beast

Skill      XL: |  1  2  3  4  5  6  7  8 |
---------------+-------------------------+-----
Dodging        | 3 4 5 |  5.2
Unarmed Combat | 4 5 |  5.7
Fighting       | 3 4 |  4.5
Stealth        | 2 |  2.4
Maces & Flails | 1 3 6 |  6.9

Action                   |  1- 3 |  4- 6 |  7- 9 || total
-------------------------+-------+-------+-------++-------
Melee: Unarmed           |    75 |    84 |       ||   159
       Punch             |     1 |     1 |       ||     2
       Giant spiked club |       |    56 |   243 ||   299
  Use: Potion            |       |       |     6 ||     6
       Scroll            |       |       |    10 ||    10
 Stab: Sleeping          |     5 |     3 |     1 ||     9
       Distracted        |       |       |     1 ||     1
  Eat: Chunk             |    13 |    22 |    14 ||    49
Armor: Robe              |    31 |    96 |   176 ||   303
       Skin              |       |       |    54 ||    54
Dodge: Dodged            |    47 |   153 |   329 ||   529
